 Dungeon Crawl Stone Soup version 0.25.1-2-g60ff931df9 (webtiles) character file.

Game seed: 12514730701038464992

3717 Erymatos the Cleaver (level 9, -1/82 HPs)
             Began as a Minotaur Berserker on Nov 10, 2020.
             Was an Elder of Trog.
             Succumbed to a killer bee's poison
             ... on level 8 of the Dungeon.
             The game lasted 00:09:27 (7456 turns).

Erymatos the Cleaver (Minotaur Berserker)           Turns: 7456, Time: 00:09:28

Health: -1/82      AC:  9    Str: 29    XL:     9   Next: 92%
Magic:  8/8        EV: 14    Int:  4    God:    Trog [****..]
Gold:   174        SH:  0    Dex: 10    Spells: 8/8 levels left

rFire    + . .     SeeInvis +   H - +6 rapier of the Vaults {drain, *Drain MR+ Str+4}
rCold    . . .     Gourm    .   (no shield)
rNeg     . . .     Faith    .   C - +0 ring mail
rPois    .         Spirit   .   (helmet restricted)
rElec    .         Reflect  .   (no cloak)
rCorr    .         Harm     .   e - +0 pair of gloves
MR       +....                  v - +0 pair of boots
Stlth    ++........             d - amulet of the acrobat
HPRegen  0.23/turn              y - ring of see invisible
MPRegen  0.11/turn              G - ring of protection from fire

@: brilliant, lethally poisoned (-1 -> -25), berserk cooldown, flying, slowed,
very slow
A: retaliatory headbutt, horns 2
a: Berserk, Trog's Hand, Brothers in Arms, Renounce Religion


You were on level 8 of the Dungeon.
You worshipped Trog.
Trog was greatly pleased with you.
You were hungry.

You visited 1 branch of the dungeon, and saw 8 of its levels.

You collected 399 gold pieces.
You spent 225 gold pieces at shops.

Inventory:

Hand Weapons
 a - a +0 war axe
 B - a +1 flail of protection
 H - the +6 rapier of the Vaults (weapon) {drain, *Drain MR+ Str+4}
   (You bought it in a shop on level 6 of the Dungeon)

   A truly terrible weapon, it drains the life of those it strikes.
   It affects your strength (+4).
   It affects your resistance to hostile enchantments.
   It causes draining when unequipped.
Armour
 e - a +0 pair of gloves (worn)
 v - a +0 pair of boots (worn)
 C - a +0 ring mail (worn)
Jewellery
 d - an amulet of the acrobat (around neck)
 y - a ring of see invisible (left hand)
 G - a ring of protection from fire (right hand)
Wands
 D - a wand of clouds (5)
 I - a wand of polymorph (8)
Scrolls
 b - 2 scrolls of acquirement {unknown}
 f - 9 scrolls of identify {unknown}
 g - 4 scrolls of teleportation {unknown}
 i - 2 scrolls of random uselessness {unknown}
 k - a scroll of noise {unknown}
 l - a scroll of immolation {unknown}
 n - a scroll of enchant armour {unknown}
 o - 2 scrolls of fear {unknown}
 p - a scroll of magic mapping {unknown}
 q - 3 scrolls of amnesia {unknown}
 r - 2 scrolls of enchant weapon {unknown}
 u - 2 scrolls of blinking {unknown}
 F - a scroll of remove curse {unknown}
Potions
 h - a potion of brilliance
 j - 2 potions of flight
 m - a potion of heal wounds {unknown}
 s - 3 potions of stabbing {unknown}
 t - 3 potions of magic {unknown}
 w - a potion of curing {unknown}
 x - 4 potions of lignification {unknown}
 z - a potion of experience {unknown}
 A - a potion of haste {unknown}
 E - a potion of degeneration {unknown}
 J - a potion of berserk rage {unknown}
Comestibles
 c - 11 rations


   Skills:
 + Level 8.9 Fighting
 + Level 9.5 Axes
 + Level 8.3 Armour
 + Level 7.2 Dodging
 + Level 3.8 Stealth


You had 8 spell levels left.
You didn't know any spells.
Your spell library was empty.

Dungeon Overview and Level Annotations

Branches:
Dungeon (8/15)             Temple (0/1) D:4
   Lair: D:8-11

Altars:
Ashenzari
Trog

Shops:
D:6 (


Innate Abilities, Weirdness & Mutations

You reflexively headbutt those who attack you in melee.
You have a pair of horns on your head.


Message History

You miss the killer bee.
You feel sick. The killer bee stings you.
* * * LOW HITPOINT WARNING * * *
You are more poisoned.
The killer bee poisons you! The killer bee barely misses you.
The killer bee stings you.
* * * LOW HITPOINT WARNING * * *
You are more poisoned.
The killer bee poisons you!
The killer bee stings you but does no damage.
It was a potion of flight.
You feel very buoyant.
You fly up into the air.
* * * LOW HITPOINT WARNING * * *
You feel very sick. The killer bee barely misses you. You furiously retaliate!
You headbutt the killer bee! The killer bee barely misses you.
The killer bee closely misses you.
It was a potion of brilliance.
You feel clever all of a sudden.
You die...

#...#
..#...#.###.##
..#...#......#
.##..#.##..##
......##..##
####.........#
#........#.###
#.#..........#
#.....†....###
......#@†.##
......†y###
###......
#.#...#. #.
#...#.# #.
##..# # % #..#
...#


You could see a killer bee.

Vanquished Creatures
  A queen bee (D:8)
  An orc warrior (D:8)
  2 sky beasts
  A black bear (D:7)
  A phantom (D:6)
  3 ogres
  4 bullfrogs
  5 scorpions
  20 killer bees (D:8)
  10 wights (D:8)
  3 howler monkeys
  A crimson imp (D:7)
  A jelly (D:7)
  A centaur zombie (D:8)
  4 orc priests
  A centaur skeleton (D:7)
  A hound (D:6)
  7 orc wizards
  A bullfrog skeleton (D:5)
  An iguana (D:7)
  6 worker ants
  A hound skeleton (D:7)
  A howler monkey skeleton (D:5)
  10 adders
  A shadow imp (D:8)
  An ooze (D:1)
  A worm (D:3)
  A dart slug (D:2)
  A leopard gecko (D:2)
  30 orcs
  3 bats
  2 giant cockroaches
  5 hobgoblins
  11 jackals
  8 kobolds
  4 ball pythons
  3 frilled lizards
  5 goblins
  A jackal skeleton (D:4)
  A quokka skeleton (D:4)
  9 rats (D:1)
174 creatures vanquished.

Notes
Turn   | Place    | Note
-------+----------+-------------------------------------------
     0 | D:1      | Erymatos the Minotaur Berserker began the quest for the
                  | Orb.
     0 | D:1      | Reached XP level 1. HP: 19/19 MP: 0/0
   241 | D:1      | Reached skill level 4 in Axes
   241 | D:1      | Reached XP level 2. HP: 27/27 MP: 1/1
   673 | D:1      | Reached XP level 3. HP: 33/33 MP: 2/2
   826 | D:2      | Reached ** piety under Trog
  1452 | D:2      | Reached skill level 5 in Axes
  1615 | D:2      | Reached XP level 4. HP: 26/40 MP: 3/3
  2005 | D:3      | Noticed a bullfrog
  2013 | D:3      | Killed a bullfrog
  2013 | D:3      | Reached XP level 5. HP: 41/47 MP: 4/4
  2026 | D:3      | Reached skill level 1 in Stealth
  2030 | D:3      | Reached skill level 6 in Axes
  2638 | D:4      | Found a staircase to the Ecumenical Temple.
  2695 | D:4      | Reached XP level 6. HP: 36/53 MP: 5/5
  2872 | D:4      | Reached *** piety under Trog
  3624 | D:5      | Entered Level 5 of the Dungeon
  3673 | D:5      | Reached skill level 5 in Fighting
  3744 | D:5      | Reached skill level 7 in Axes
  3864 | D:5      | Reached XP level 7. HP: 61/61 MP: 6/6
  4437 | D:5      | Found a shattered altar of Ashenzari.
  4437 | D:5      | Found a bloodstained altar of Trog.
  4568 | D:6      | Reached skill level 8 in Axes
  4568 | D:6      | Reached skill level 5 in Dodging
  4636 | D:6      | Found Gijoj's Antique Weapon Emporium.
  4644 | D:6      | Bought a crude rapier for 225 gold pieces
  4644 | D:6      | Identified the +6 rapier of the Vaults {drain, *Drain MR+
                  | Str+4} (You bought it in a shop on level 6 of the Dungeon)
  5076 | D:6      | Reached XP level 8. HP: 70/70 MP: 7/7
  5507 | D:7      | Reached **** piety under Trog
  5605 | D:7      | Reached skill level 9 in Axes
  6485 | D:8      | Reached skill level 5 in Armour
  6487 | D:8      | Reached XP level 9. HP: 64/79 MP: 8/8
  7424 | D:8      | Noticed a queen bee
  7444 | D:8      | Killed a queen bee
  7455 | D:8      | HP: 3/82 [poisoned by a killer bee]
  7456 | D:8      | Succumbed to a killer bee's poison

Illustrated notes

Levels and vault maps discovered:
D:1:      wander_arrival_chamber, layout_loops_ring, serial_bayou_pond_d
D:2:      layout_basic, first_ration
D:3:      layout_loops_ring
D:4:      layout_rooms, minmay_temple_entry_trees, nrook_campfire
D:5:      layout_basic, gammafunk_temple_overflow_pools, serial_curves,
          eino_curves_04, eino_curves_02
D:6:      layout_rooms, serial_shops, shop, serial_co_window_serial,
          co_window_of_opportunity_a, co_window_of_opportunity_a,
          co_window_paths_a, co_window_paths_b, co_window_of_opportunity_a,
          co_window_broadway_b, co_window_2corner, co_window_unsneaky_path_b,
          co_window_cross_4, co_window_of_opportunity_b,
          co_window_unsneaky_path_d, co_window_of_opportunity_c,
          co_window_4corner_b, glass_columns_b, glass_columns_a, glass_columns_a
D:7:      layout_cave_pods
D:8:      layout_basic, david_nohive_1, uniq_pikel, uniq_gastronok

Skill      XL: |  1  2  3  4  5  6  7  8  9 |
---------------+----------------------------+-----
Axes           | 4 5 6 7 8 9 |  9.5
Fighting       | 4 5 7 8 |  8.9
Dodging        | 3 4 5 6 7 |  7.2
Stealth        | 1 2 3 |  3.8
Armour         | 3 5 8 |  8.3

Action                   |  1- 3 |  4- 6 |  7- 9 || total
-------------------------+-------+-------+-------++-------
Melee: Hand axe          |    76 |   123 |     8 ||   207
       Headbutt          |    11 |    22 |    38 ||    71
       Flail             |       |       |    39 ||    39
       Rapier            |       |       |   150 ||   150
Invok: Berserk           |       |     2 |     1 ||     3
       Trog's Hand       |       |     1 |       ||     1
  Use: Potion            |       |       |     2 ||     2
 Stab: Sleeping          |       |     3 |     1 ||     4
       Distracted        |       |       |     1 ||     1
  Eat: Chunk             |     2 |     9 |    12 ||    23
Armor: Animal skin       |    13 |    13 |     1 ||    27
       Ring mail         |       |       |    84 ||    84
Dodge: Dodged            |    53 |    83 |   214 ||   350
